 Dungeon Crawl Stone Soup version 0.30.1-4-g462c640d31 (webtiles) character file.

Game seed: 13867051448458310024

2 ChiefBigBeans the Magician (level 1, -1/15 HPs)
             Began as a Djinni Conjurer on Sept 5, 2023.
             Slain by a giant cockroach (2 damage)
             ... on level 1 of the Dungeon.
             The game lasted 00:01:19 (189 turns).

ChiefBigBeans the Magician (Djinni Conjurer)         Turns: 189, Time: 00:01:20

Health: -1/15      AC:  2    Str:  6    XL:     1   Next: 33%
Gold:   11         EV: 12    Int: 19    God:
                   SH:  0    Dex: 11

rFire   + + .        b - staff of cold
rCold   . . .        (no shield)
rNeg    . . .        a - +0 robe
rPois   ∞            (no helmet)
rElec   .            (no cloak)
rCorr   .            (no gloves)
SInv    .            (boots unavailable)
Will    .....        (no amulet)
Stlth   ++           (no ring)
HPRegen 0.22/turn    (no ring)
MPRegen 0.00/turn

%: infuse magic (-2 HP)
@: flying
A: sickness immunity, fire resistance 2, cold vulnerability 1, float, innate
caster, HP casting, extra vitality 1
a: no special abilities


You were on level 1 of the Dungeon.
You visited 1 branch of the dungeon, and saw 1 of its levels.

You collected 11 gold pieces.

Inventory:

Armour
 a - a +0 robe (worn)
Magical Staves
 b - a staff of cold (weapon)


   Skills:
 + Level 2.2 Dodging
 + Level 1.6 Stealth
 + Level 3.3 Spellcasting


You knew the following spells:

 Your Spells              Type           Power      Damage    Failure   Level
a - Magic Dart            Conj           60%        1d6       3%          1
b - Searing Ray           Conj           30%        2d5       6%          2
c - Dazzling Flash        Conj/Hex       30%        N/A       12%         3
d - Fulminant Prism       Conj/Hex       7%         3d7       36%         4
e - Iskenderun's Mystic   Conj/Tloc      15%        2d5       36%         4
Your spell library was empty.

Dungeon Overview and Level Annotations

Branches:
Dungeon (1/15)

Altars:


Innate Abilities, Weirdness & Mutations

You are immune to sickness and miasma.
You are immune to poison.
Your flesh is very heat resistant. (rF++)
You are vulnerable to cold. (rC-)
You float through the air rather than walking.
You learn spells naturally, not from books.
Your magical power is your life essence.
You have superior vitality. (+4 MHP)


Message History

The giant cockroach bites you but does no damage.
The giant cockroach closely misses you.
The giant cockroach bites you but does no damage.
The giant cockroach bites you but does no damage.
The giant cockroach closely misses you. The giant cockroach bites you.
The giant cockroach barely misses you. The giant cockroach closely misses you.
The giant cockroach bites you but does no damage.
The giant cockroach bites you but does no damage.
The giant cockroach barely misses you.
The giant cockroach bites you but does no damage.
The giant cockroach bites you. The giant cockroach closely misses you.
The giant cockroach bites you but does no damage.
The giant cockroach closely misses you. The giant cockroach bites you.
The giant cockroach bites you. The giant cockroach bites you.
The giant cockroach barely misses you.
The giant cockroach bites you but does no damage.
The giant cockroach bites you.
The giant cockroach bites you but does no damage.
The giant cockroach bites you. The giant cockroach misses you.
The giant cockroach bites you. x2
The giant cockroach bites you but does no damage.
The giant cockroach bites you.
* * * LOW HITPOINT WARNING * * *
The giant cockroach misses you. The giant cockroach closely misses you.
The giant cockroach closely misses you.
The giant cockroach bites you but does no damage.
The giant cockroach bites you but does no damage.
The giant cockroach bites you.
* * * LOW HITPOINT WARNING * * *
The giant cockroach bites you.
* * * LOW HITPOINT WARNING * * *
The giant cockroach bites you.
You die...

.... ... .#.###..
..#...# #>....# .....
... ###############B# #
#....).......##@###.##.
#.##########.##........
#.# #..........##.###
#.# ######.###.# #.#
#.# ... #.# #.# ####
#.# #.# ##.# #.# ...#
#.#


You could see a giant cockroach.

Vanquished Creatures
  A goblin (D:1)
  A frilled lizard (D:1)
2 creatures vanquished.

Notes
Turn   | Place    | Note
-------+----------+-------------------------------------------
     0 | D:1      | ChiefBigBeans the Djinni Conjurer began the quest for the
                  | Orb.
     0 | D:1      | ChiefBigBeans set off with the following spells memorised:
                  | Magic Dart, Searing Ray, Dazzling Flash, Fulminant Prism,
                  | Iskenderun's Mystic Blast.
     0 | D:1      | Reached XP level 1. HP: 15/15 MP: 0/0
   189 | D:1      | Slain by a giant cockroach

Illustrated notes

Levels and vault maps discovered:
D:1:      eino_arrival_cavern_b, layout_basic, roderic_nine_men_s_morris,
          grunt_decor_one_mirror

Action                     || total
---------------------------++-------
  Melee: Staff             ||     7
   Cast: Magic Dart        ||     2
 Armour: Robe              ||    17
  Dodge: Dodged            ||    24
